 Dungeon Sprint DCSS version 0.24.0-123-gd5b16e6ec5 (webtiles) character file.

Game seed: 16776137701586635059, levelgen mode: deterministic

8485 Groucho the Unseen (level 11, -31/62 HPs)
             Began as a Spriggan Enchanter on Jan 11, 2020.
             Was an Elder of Dithmenos.
             Killed from afar by a hell hog (43 damage)
             ... with a fireball
             ... in the Dungeon (Sprint II: "The Violet Keep of Menkaure").
             The game lasted 00:08:05 (2031 turns).

Groucho the Unseen (Spriggan Enchanter)             Turns: 2031, Time: 00:08:06

Health: -31/62     AC:  2    Str:  6    XL:     11   Next: 10%
Magic:  17/30      EV: 31    Int: 17    God:    Dithmenos [****..]
Gold:   842        SH:  0    Dex: 18    Spells: 30/39 levels left

rFire    . . .     SeeInvis +   a - +1 dagger
rCold    . . .     Gourm    .   (shield restricted)
rNeg     . . .     Faith    .   b - +0 robe
rPois    .         Spirit   .   (helmet restricted)
rElec    .         Reflect  .   (no cloak)
rCorr    .         Harm     .   (gloves unavailable)
MR       +....     NoTele   +   (boots unavailable)
Stlth    +++++++++.             (no amulet)
HPRegen  0.20/turn              l - ring of flight
MPRegen  0.22/turn              (no ring)

@: wreathed by umbra, very quick
A: very small, unfitting armour, see invisible, herbivore, speed 3, slow
metabolism 2
a: Shadow Step, Renounce Religion, Evoke Flight


You were in the Dungeon.
You worshipped Dithmenos.
Dithmenos was greatly pleased with you.
You were not hungry.

You visited 1 branch You collected 1310 gold pieces.
You spent 468 gold pieces at shops.

Inventory:

Hand Weapons
 a - a +1 dagger (weapon)
Missiles
 m - 10 poisoned darts (quivered)
Armour
 b - a +0 robe (worn)
Jewellery
 l - a ring of flight (left hand)
Wands
 k - a wand of digging (6)
Scrolls
 j - a scroll of blinking
Potions
 c - 3 potions of flight
 g - a potion of haste
 h - 2 potions of magic
 i - a potion of berserk rage
Comestibles
 d - a ration


   Skills:
 + Level 9.0 Fighting
 + Level 11.5 Short Blades
 + Level 14.6 Dodging
 - Level 15.3 Stealth
 + Level 14.7 Spellcasting
 + Level 14.9 Hexes


You had 30 spell levels left.
You knew the following spells:

 Your Spells              Type           Power        Failure   Level  Hunger
a - Corona                Hex            ######.      0%          1    None
b - Ensorcelled Hibernat  Hex/Ice        #####.       1%          2    None
c - Confuse               Hex            ######..     1%          3    None
d - Dazzling Spray        Conj/Hex       #####.       1%          3    None

Your spell library contained the following spells:

 Spells                   Type           Power        Failure   Level  Hunger
 Tukima's Dance           Hex            ######..     1%          3    None


Dungeon Overview and Level Annotations

Branches:
Dungeon (1/1)

Altars:
Cheibriados
Dithmenos
Elyvilon
Fedhas
Gozag
Hepliaklqana
Kikubaaqudgha
Makhleb
Nemelex Xobeh
Okawaru
Qazlal
Ru
Sif Muna
Trog
Uskayaw
Vehumet
Wu Jian
Xom
Yredelemnul
Zin
The Shining One
Beogh
Jiyva
Lugonu

Shops:
D [!:=?[[:[!(=%}%*

Annotations:
D exclusion: oklob plant


Innate Abilities, Weirdness & Mutations

You are very small and have problems with some larger weapons.
You are too small for most types of armour.
You have supernaturally acute eyesight. (SInv)
You are a herbivore.
You cover ground extremely quickly.
You need to consume almost no food.


Message History

Casting: Ensorcelled Hibernation (safe; 1% risk of failure)
Confirm with . or Enter, or press ? or * to list all spells.
Aiming: Ensorcelled Hibernation (safe; 1% risk of failure)
Press: ? - help, Shift-Dir - straight line, f/p - fire dragon
Aim: a fire dragon (heavily wounded, confused, umbra, chance to defeat MR: 30%)
The fire dragon looks drowsy...
The fire dragon bites the iron elemental but does no damage.
The fire dragon claws the iron elemental but does no damage.
The fire dragon tramples the iron elemental but does no damage.
The iron elemental hits you!!!
Ouch! That really hurt!
* * * LOW HITPOINT WARNING * * *
You emit a cloud of dark smoke.
You feel better. The hell hog breathes fire at you.
The fireball explodes!
The fireball engulfs the iron elemental.
The iron elemental completely resists.
The fireball engulfs you!!!
Ouch! That really hurt!
You die... # ##≈...### ## #.≈...Z.### ≈#+++ ####....#.## ≈... #..'...(#.†# ≈≈.##+##..#..####.#.†# ≈≈##...##.####..'.##.# ≈≈#..#..# ...#..#..h#### ####.#.####..#####.D##)# $=?([

#.###'###.##..#§@E..#..#▓$!$)$
#..##.##...#..#§§#..#..#▓$?%))
.##'.<.'###'..####..##.#▓$$(!?
#..##.##...#....###...##▓▓▓▓▓▓
#.###'###.##§.....≈≈≈≈≈≈≈≈≈≈≈≈
####.#.####≈§....§≈#'########+
≈≈#.###.#§≈≈§≈§§..≈#.._._._.#≈
#≈##.#.##≈≈≈≈≈§≈≈.≈#._._._..#≈
#≈≈##+##≈≈≈≈≈≈≈≈≈≈≈#_._._._.#§


You could see an iron elemental, a fire dragon (confused) and a hell hog.

Vanquished Creatures
  A deep elf master archer (D)
  A crystal guardian (D)
  An ice dragon (D)
  A hell hog (D)
  2 death drakes (D)
  A spiny frog (D)
  A yaktaur (D)
  2 tyrant leeches (D)
  3 polar bears (D)
  A hornet (D)
  2 hippogriffs (D)
  A wyvern (D)
  3 soldier ants (D)
  2 swamp drakes (D)
  3 black bears (D)
  4 necrophages (D)
  A crocodile (D)
  A hell rat (D)
  4 worker ants (D)
  A spectral bat (D)
  A spectral giant cockroach (D)
37 creatures vanquished.

Vanquished Creatures (others)
  Menkaure (D)
  A crocodile (D)
2 creatures vanquished.

Grand Total: 39 creatures vanquished

Notes
Turn   | Place    | Note
-------+----------+-------------------------------------------
     0 | D        | Groucho the Spriggan Enchanter began the quest for the Orb.
     0 | D        | Reached XP level 1. HP: 9/9 MP: 5/5
     1 | D        | Noticed a worker ant
     1 | D        | Noticed a worker ant
     1 | D        | Noticed a worker ant
     1 | D        | Noticed a worker ant
     4 | D        | Killed a worker ant
     4 | D        | Reached skill level 7 in Stealth
     4 | D        | Reached XP level 2. HP: 13/13 MP: 6/8
     5 | D        | Reached skill level 8 in Stealth
     5 | D        | Reached skill level 5 in Hexes
     5 | D        | Reached XP level 3. HP: 16/16 MP: 7/10
     8 | D        | Reached skill level 9 in Stealth
     8 | D        | Reached skill level 5 in Spellcasting
     8 | D        | Reached XP level 4. HP: 21/21 MP: 8/12
    10 | D        | Reached skill level 10 in Stealth
    19 | D        | Noticed a necrophage
    19 | D        | Noticed a necrophage
    19 | D        | Noticed a necrophage
    19 | D        | Noticed a necrophage
    22 | D        | Killed a necrophage
    22 | D        | Reached skill level 12 in Stealth
    22 | D        | Reached XP level 5. HP: 24/24 MP: 9/15
    23 | D        | Killed a necrophage
    23 | D        | Reached skill level 13 in Stealth
    23 | D        | Reached XP level 6. HP: 28/28 MP: 9/17
    27 | D        | Reached skill level 14 in Stealth
    40 | D        | Learned a level 2 spell: Ensorcelled Hibernation
    54 | D        | Learned a level 3 spell: Confuse
    57 | D        | Killed Menkaure
    72 | D        | Reached skill level 15 in Stealth
   302 | D        | Noticed a tyrant leech
   302 | D        | Noticed a tyrant leech
   306 | D        | Noticed a hippogriff
   306 | D        | Noticed a hippogriff
   309 | D        | Killed a hippogriff
   309 | D        | Reached skill level 1 in Fighting
   309 | D        | Reached XP level 7. HP: 34/34 MP: 21/21
   320 | D        | Killed a hippogriff
   320 | D        | Reached skill level 10 in Spellcasting
   320 | D        | Reached skill level 10 in Hexes
   746 | D        | Killed a tyrant leech
   746 | D        | Reached XP level 8. HP: 40/40 MP: 16/23
   749 | D        | Killed a tyrant leech
   749 | D        | Reached skill level 5 in Short Blades
  1055 | D        | Found Xuashrau's General Store.
  1055 | D        | Found Rojoruuq's Food Boutique.
  1055 | D        | Found Awkirchul's Jewellery Shop.
  1055 | D        | Found Xuhomom's Food Shop.
  1055 | D        | Found Kamoires's Distillery.
  1055 | D        | Found Feazesch's Antique Weapon Boutique.
  1055 | D        | Found Vuisedwo's Antique Armour Shop.
  1056 | D        | Found Teum's Book Shop.
  1057 | D        | Found Zobomig's Gadget Boutique.
  1057 | D        | Found Caezoeg's Armour Shop.
  1057 | D        | Found Meogen Rewko's Armour Boutique.
  1057 | D        | Noticed a great orb of eyes
  1063 | D        | Found Onoum's Magic Scroll Shop.
  1063 | D        | Found Curheu's Jewellery Boutique.
  1063 | D        | Noticed an oklob plant
  1066 | D        | Found Piteokil's Distillery.
  1066 | D        | Found Gotrop's Antique Armour Boutique.
  1066 | D        | Found Curhacaa's Book Shoppe.
  1068 | D        | Bought a potion of flight for 36 gold pieces
  1070 | D        | Bought a wand of digging (6) for 240 gold pieces
  1074 | D        | Bought an uncursed ring of flight for 192 gold pieces
  1083 | D        | Noticed a slime creature
  1088 | D        | Noticed a slime creature
  1095 | D        | Noticed a slime creature
  1135 | D        | Found a roughly hewn altar of Beogh.
  1136 | D        | Found a hazy altar of Hepliaklqana.
  1136 | D        | Found a snail-covered altar of Cheibriados.
  1137 | D        | Found a stormy altar of Qazlal.
  1137 | D        | Found a viscous altar of Jiyva.
  1137 | D        | Found a shadowy altar of Dithmenos.
  1138 | D        | Found a sacrificial altar of Ru.
  1138 | D        | Found an ancient bone altar of Kikubaaqudgha.
  1138 | D        | Found a white marble altar of Elyvilon.
  1139 | D        | Found an ornate altar of the Wu Jian Council.
  1139 | D        | Found a shimmering blue altar of Sif Muna.
  1139 | D        | Found a corrupted altar of Lugonu.
  1142 | D        | Found a shimmering altar of Xom.
  1142 | D        | Found a bloodstained altar of Trog.
  1142 | D        | Found a burning altar of Makhleb.
  1143 | D        | Found a glowing golden altar of the Shining One.
  1143 | D        | Found a basalt altar of Yredelemnul.
  1143 | D        | Found a hide-covered altar of Uskayaw.
  1144 | D        | Found a glowing silver altar of Zin.
  1145 | D        | Noticed a yaktaur
  1145 | D        | Noticed a hornet
  1145 | D        | Noticed a polar bear
  1146 | D        | Noticed a polar bear
  1146 | D        | Noticed a polar bear
  1147 | D        | Killed a polar bear
  1148 | D        | Killed a polar bear
  1150 | D        | Killed a hornet
  1150 | D        | Reached skill level 5 in Fighting
  1151 | D        | Killed a polar bear
  1151 | D        | Reached XP level 9. HP: 47/47 MP: 23/25
  1153 | D        | Killed a yaktaur
  1153 | D        | Reached skill level 10 in Dodging
  1160 | D        | Found a radiant altar of Vehumet.
  1162 | D        | Found a blossoming altar of Fedhas.
  1162 | D        | Found a sparkling altar of Nemelex Xobeh.
  1163 | D        | Found an opulent altar of Gozag.
  1163 | D        | Found an iron altar of Okawaru.
  1170 | D        | Became a worshipper of Dithmenos the Shadowed
  1194 | D        | Reached * piety under Dithmenos
  1206 | D        | Reached ** piety under Dithmenos
  1215 | D        | Noticed a deep elf master archer
  1218 | D        | Noticed an ice dragon
  1239 | D        | Learned a level 3 spell: Dazzling Spray
  1250 | D        | Killed an ice dragon
  1633 | D        | Killed a deep elf master archer
  1633 | D        | Reached skill level 10 in Short Blades
  1633 | D        | Reached XP level 10. HP: 56/56 MP: 9/28
  1955 | D        | Noticed a death drake
  1956 | D        | Noticed a death drake
  1956 | D        | Noticed a crystal guardian
  1958 | D        | Reached *** piety under Dithmenos
  1960 | D        | Killed a crystal guardian
  1961 | D        | Killed a death drake
  1968 | D        | Killed a death drake
  1989 | D        | Noticed a spiny frog
  1989 | D        | Noticed a spiny frog
  1989 | D        | Noticed a fire dragon
  1989 | D        | Noticed an iron elemental
  1989 | D        | Noticed a hell hog
  1989 | D        | Noticed a hell hog
  1991 | D        | Killed a hell hog
  1991 | D        | Reached **** piety under Dithmenos
  1991 | D        | Reached XP level 11. HP: 60/60 MP: 30/30
  2030 | D        | HP: 2/62 [iron elemental (38)]
  2031 | D        | Killed from afar by a hell hog

Levels and vault maps discovered:
D:        the_violet_keep_of_menkaure [sprint2_stairs_cluster_1,
          sprint2_shoproom, sprint2_temple, sprint2_basic_supplies,
          sprint2_obstacle_1, sprint2_obstacle_5, sprint2_obstacle_2,
          sprint2_obstacle_3, sprint2_obstacle_7, sprint2_timed_cluster_1,
          sprint2_smallroom_cluster_1, sprint2_smallroom_final_cluster_1,
          sprint2_transparent_cluster_1, sprint2_second_timed_cluster_1,
          sprint2_sniper_area_1, sprint2_heavy_combat_area_1,
          sprint2_mutation_trap_area_1, sprint2_forest_area_1,
          sprint2_light_combat_area_1, sprint2_behind_water_1,
          sprint2_near_end_vault_1]

Skill      XL: |  1  2  3  4  5  6  7  8  9 10 11 |
---------------+----------------------------------+-----
Stealth        | 7 8 9 12 13 15 | 15.3
Spellcasting   | 4 5 7 9 10 11 13 14 | 14.7
Hexes          | 4 5 7 8 9 10 12 13 14 | 14.9
Fighting       | 1 3 5 7 8 9 |  9.0
Short Blades   | 3 4 7 10 11 | 11.5
Dodging        | 4 7 9 13 14 | 14.6

Action                   |  1- 3 |  4- 6 |  7- 9 | 10-12 || total
-------------------------+-------+-------+-------+-------++-------
Melee: Dagger            |     3 |    14 |    33 |    27 ||    77
 Cast: Confuse           |       |     2 |     3 |     2 ||     7
       Ensorcelled Hiber |       |       |    12 |     3 ||    15
       Corona            |       |       |     1 |       ||     1
       Dazzling Spray    |       |       |    11 |     2 ||    13
 Abil: Evoke Flight      |       |       |     1 |       ||     1
  Use: Potion            |       |       |     2 |     1 ||     3
 Stab: Sleeping          |     3 |     5 |    16 |     7 ||    31
       Confused          |       |     1 |     2 |     3 ||     6
       Invisible         |       |       |     1 |       ||     1
Armor: Robe              |       |     1 |     1 |     1 ||     3
Dodge: Dodged            |       |     4 |    38 |    32 ||    74
